 Dungeon Crawl Stone Soup version 0.21.0-3-g78d12a8 (webtiles) character file.

3 tidbits the Caller (level 1, 0/7 HPs)
             Began as a Felid Summoner on Jan 8, 2018.
             Slain by a giant cockroach (2 damage)
             ... on level 2 of the Dungeon.
             The game lasted 00:00:46 (133 turns).

tidbits the Caller (Felid Summoner)                  Turns: 133, Time: 00:00:47

Health: 0/7        AC:  1    Str:  4    XL:     1   Next: 41%
Magic:  4/4        EV: 18    Int: 16    God:
Gold:   8          SH:  0    Dex: 16    Spells: 3/4 levels left
                                        Lives:  0   Deaths: 0

rFire    . . .     SeeInvis +   (weapon unavailable)
rCold    . . .     Gourm    .   (shield unavailable)
rNeg     . . .     Faith    .   (armour unavailable)
rPois    .         Spirit   .   (helmet unavailable)
rElec    .         Reflect  .   (cloak unavailable)
rCorr    .         Harm     .   (gloves unavailable)
MR       .....                  (boots unavailable)
Stlth    +++.......             (no amulet)
HPRegen  0.02/turn              (no ring)
MPRegen  0.09/turn              (no ring)

@: quick
A: very small, no armour, no weapons or thrown items, stealth, claws 1, fangs 3,
see invisible, carnivore, speed 1, shaggy fur 1, slow metabolism 1, sharp paws
a: no special abilities


You were on level 2 of the Dungeon.
You were not hungry.

You visited 1 branch of the dungeon, and saw 2 of its levels.

You collected 8 gold pieces.

Inventory:

Scrolls
 c - a scroll of immolation {unknown}
 d - a scroll of identify {unknown}
Books
 a - a book of Callings

   Spells                             Type                      Level
   a - Summon Small Mammal            Summoning                    1
   b - Call Imp                       Summoning                    2
   c - Call Canine Familiar           Summoning                    3
   d - Summon Guardian Golem          Hexes/Summoning              3
   e - Summon Lightning Spire         Summoning/Air                4
   f - Summon Ice Beast               Ice/Summoning                4
Comestibles
 b - a ration


   Skills:
 - Level 2.6 Dodging
 + Level 3.0 Stealth
 + Level 0.5 Unarmed Combat
 - Level 2.0 Spellcasting
 - Level 4.0 Summonings


You had 3 spell levels left.
You knew the following spells:

 Your Spells              Type           Power        Failure   Level  Hunger
a - Summon Small Mammal   Summ           ##..         4%          1    #......


Dungeon Overview and Level Annotations

Branches:
Dungeon (2/15)

Altars:


Innate Abilities, Weirdness & Mutations

You cannot wear armour.
You are incapable of wielding weapons or throwing items.
Your paws allow you to move quietly. (Stealth)
You have sharp claws.
You have razor-sharp teeth.
You have supernaturally acute eyesight. (SInv)
You are carnivorous and can eat meat at any time.
You cover ground quickly.
You are covered in fur. (AC +1)
You have a slow metabolism.
Your sharp claws are effective at attacking unaware monsters.


Message History

You open the large door.
A goblin comes into view. It is wielding a club.
The goblin shouts!
The goblin completely misses you.
Found a scroll labeled JACING OQODOTH.
There is a large open door here.
Casting: Summon Small Mammal
Confirm with . or Enter, or press ? or * to list all spells.
The goblin hits you with a club. The goblin closely misses you.
Your rat barely misses the goblin.
You closely miss the goblin. The goblin misses you.
Your rat misses the goblin. You scratch the goblin.
The goblin is severely wounded.
The goblin completely misses you.
Your rat misses the goblin. You scratch the goblin.
You kill the goblin!
Things that are here:
a club; a goblin corpse
There is a large open door here.
c - a scroll labeled JACING OQODOTH You swap places.
There is a large open door here.
Things that are here:
a club; a goblin corpse Your rat disappears in a puff of smoke!
Found a scroll labeled HACRYR XUPSIY.
You open the door.
d - a scroll labeled HACRYR XUPSIY HP restored.
A hobgoblin comes into view. It is wielding a club.
The hobgoblin shouts!
A hobgoblin comes into view. It is wielding a club.
Casting: Summon Small Mammal
Confirm with . or Enter, or press ? or * to list all spells.
The hobgoblin hits your quokka with a club.
Your quokka barely misses the hobgoblin.
Your quokka barely misses the hobgoblin.
The hobgoblin hits your quokka with a club.
Casting: Summon Small Mammal
Confirm with . or Enter, or press ? or * to list all spells.
Your quokka bites the hobgoblin.
The hobgoblin hits your quokka with a club.
Your quokka dies!
Your quokka's corpse disappears in a puff of smoke!
The hobgoblin shouts!
Casting: Summon Small Mammal
Confirm with . or Enter, or press ? or * to list all spells.
Your quokka completely misses the hobgoblin.
Your quokka bites the hobgoblin.
The hobgoblin dies!
You see here a club.
The hobgoblin is too close now for your liking.
You scratch the hobgoblin.
The hobgoblin is moderately wounded.
Your quokka bites the hobgoblin.
The hobgoblin closely misses you.
You barely miss the hobgoblin.
The hobgoblin is heavily wounded.
Your quokka barely misses the hobgoblin.
The hobgoblin closely misses you.
You scratch the hobgoblin.
The hobgoblin is severely wounded.
Your quokka barely misses the hobgoblin.
You scratch the hobgoblin but do no damage.
The hobgoblin is severely wounded.
The hobgoblin hits you with a club.
Your quokka bites the hobgoblin.
The hobgoblin dies!
Your quokka disappears in a puff of smoke!
Found a stone staircase leading down.
There is a stone staircase leading down here.
You climb downwards.
A rat comes into view.
Found 8 gold pieces.
There is a stone staircase leading up here.
You see here 8 gold pieces.
You now have 8 gold pieces.
Casting: Summon Small Mammal
Confirm with . or Enter, or press ? or * to list all spells.
The rat bites you.
* * * LOW HITPOINT WARNING * * *
Your bat closely misses the rat.
Your bat barely misses the rat.
The rat closely misses you.
You scratch the rat.
You kill the rat!
Your Stealth skill increases to level 3!
There is a stone staircase leading up here.
You climb upwards.
Your summoned ally is left behind.
There is a stone staircase leading down here.
You climb downwards.
Your bat disappears in a puff of smoke!
There is a stone staircase leading up here.
A giant cockroach comes into view.
You see here a rat corpse.
The giant cockroach misses you.
You scratch the giant cockroach but do no damage.
The giant cockroach bites you.
* * * LOW HITPOINT WARNING * * *
You see here a rat corpse.
There is a stone staircase leading up here.
The giant cockroach bites you.
You die...

. # #.
#.##. ###
.... ..#
#..####.#
#....##.#
#.##.#
#.#.##.#
#...†s@#
###.####
#.# #.#
#.# #.#
#.# #.


You could see a giant cockroach.

Vanquished Creatures
  A goblin (D:1)
  A rat (D:2)
2 creatures vanquished.

Vanquished Creatures (collateral kills)
  2 hobgoblins (D:1)
2 creatures vanquished.

Grand Total: 4 creatures vanquished

Notes
Turn   | Place    | Note
-------+----------+-------------------------------------------
     0 | D:1      | tidbits the Felid Summoner began the quest for the Orb.
     0 | D:1      | Reached XP level 1. HP: 7/7 MP: 4/4
   118 | D:2      | Reached skill level 3 in Stealth
   133 | D:2      | Slain by a giant cockroach

Skill      XL: |  1 |
---------------+----+-----
Stealth        | 3 |  3.0
Dodging        | |  2.6
Unarmed Combat | |  0.5
Spellcasting   | |  2.0
Summonings     | |  4.0

Action                   || total
-------------------------++-------
Melee: Unarmed           ||     9
 Cast: Summon Small Mamm ||     5
Dodge: Dodged            ||     8

Table legend:
 A = Turns spent in this place as a percentage of turns spent in the entire game.
 B = Non-inter-level travel turns spent in this place as a percentage of non-inter-level travel turns spent in the entire game.
 C = Inter-level travel turns spent in this place as a percentage of turns spent in this place.
 D = Turns resting spent in this place as a percentage of non-inter-level travel turns spent in this place.
 E = Turns spent auto-exploring this place as a percentage of non-inter-level travel turns spent in this place.
 F = Non-inter-level travel turns spent in this place divided by the number of levels of this place that you've seen.
                   A       B       C       D       E      F
               +-------+-------+-------+-------+-------+----------------------
         Total | 100.0 | 100.0 |   0.0 |   0.0 |   0.0 |  66.5
       Dungeon | 100.0 | 100.0 |   0.0 |   0.0 |   0.0 |  66.5
               +-------+-------+-------+-------+-------+----------------------

Table legend:
 A = Kills in this place as a percentage of kills in entire the game.
 B = Kills by you in this place as a percentage of kills by you in the entire game.
 C = Kills by friends in this place as a percentage of kills by friends in the entire game.
 D = Other kills in this place as a percentage of other kills in the entire game.
 E = Experience gained in this place as a percentage of experience gained in the entire game.
 F = Experience gained in this place divided by the number of levels of this place that you have seen.
                   A       B       C       D       E      F
               +-------+-------+-------+-------+-------+----------------------
         Total | 100.0 | 100.0 | 100.0 |   N/A | 100.0 |   2.5
       Dungeon | 100.0 | 100.0 | 100.0 |   N/A | 100.0 |   2.5
               +-------+-------+-------+-------+-------+----------------------

Vault maps used:
D:1:      saegor_arrival_simple_e
